 Dungeon Crawl Stone Soup version 0.25-a0-578-gc91f01c39c (webtiles) character file.

Game seed: 16732769360162051435, levelgen mode: deterministic

9185 Flugslaktarn the Cleaver (level 11, -5/100 HPs)
             Began as a Deep Dwarf Fighter on Mar 7, 2020.
             Was a Priest of Makhleb.
             Slain by an ice devil (9 damage)
             ... on level 11 of the Dungeon.
             The game lasted 00:05:02 (5127 turns).

Flugslaktarn the Cleaver (Deep Dwarf Fighter)       Turns: 5127, Time: 00:05:03

Health: -5/100     AC: 21    Str: 23    XL:     11   Next: 19%
Magic:  8/8        EV:  7    Int:  9    God:    Makhleb [***...]
Gold:   366        SH: 12    Dex: 12    Spells: 10/10 levels left

rFire    . . .     SeeInvis +   s - +1 war axe (vorpal)
rCold    . . .     Gourm    .   c - +0 kite shield
rNeg     . . .     Faith    .   g - +1 chain mail {rPois}
rPois    +         Spirit   .   B - +2 helmet
rElec    .         Reflect  .   y - +2 cloak
rCorr    .         Harm     .   p - +1 pair of gloves
MR       +....                  (no boots)
Stlth    ..........             (no amulet)
HPRegen  0.00/turn              j - +1 ring of slaying
MPRegen  0.11/turn              i - ring of see invisible

@: non-regenerating
A: damage resistance, heal wounds, sense surroundings 2, no regeneration
a: Heal Wounds, Minor Destruction, Lesser Servant of Makhleb, Renounce Religion


You were on level 11 of the Dungeon.
You worshipped Makhleb.
Makhleb was most pleased with you.
You were not hungry.

You visited 2 branches of the dungeon, and saw 10 of its levels.
You also visited: Ossuary.

You collected 366 gold pieces.

Inventory:

Hand Weapons
 a - a +0 war axe
 s - a +1 vorpal war axe (weapon)
   (You found it on level 6 of the Dungeon)
 K - a +0 broad axe
   (You took it off a death knight on level 11 of the Dungeon)
Missiles
 f - 2 throwing nets (quivered)
Armour
 c - a +0 kite shield (worn)
 g - a +1 chain mail of poison resistance (worn)
   (You found it on level 6 of the Dungeon)
 p - a +1 pair of gloves (worn)
   (You found it on level 3 of the Dungeon)
 y - a +2 cloak (worn)
   (You took it off Crazy Yiuf on level 7 of the Dungeon)
 B - a +2 helmet (worn)
   (You found it on level 5 of the Dungeon)
Jewellery
 i - a ring of see invisible (right hand)
   (You found it on level 3 of the Dungeon)
 j - a +1 ring of slaying (left hand)
   (You found it on level 5 of the Dungeon)
Wands
 H - a wand of paralysis (10)
   (You found it on level 11 of the Dungeon)
Scrolls
 l - 6 scrolls of magic mapping
 m - 2 scrolls of enchant armour
 o - 5 scrolls of fog
 t - 2 scrolls of teleportation
 x - 4 scrolls of remove curse
Potions
 d - 2 potions of might
 h - 2 potions of haste
 k - a potion of invisibility {unknown}
 n - 3 potions of resistance
 q - 4 potions of curing
 u - a potion of mutation
 v - a potion of magic
 w - 5 potions of heal wounds
 A - a potion of stabbing
 C - a potion of ambrosia {unknown}
 D - 5 potions of lignification
 F - a potion of flight {unknown}
 G - 3 potions of brilliance {unknown}
Comestibles
 b - 13 chunks of flesh
 e - 15 rations


   Skills:
 + Level 7.4 Fighting
 * Level 11.7 Axes
 + Level 8.9 Armour
 + Level 9.0 Shields
 + Level 6.4 Invocations


You had 10 spell levels left.
You didn't know any spells.
Your spell library was empty.

Dungeon Overview and Level Annotations

Branches:
Dungeon (11/15)            Temple (1/1) D:6         Ossuary (visited)
   Lair: D:8-11         Orc: D:9-12

Altars:
Ashenzari
Cheibriados
Dithmenos
Elyvilon
Hepliaklqana
Kikubaaqudgha
Makhleb
Nemelex Xobeh
Okawaru
Qazlal
Sif Muna
Trog
Uskayaw
Xom
Zin


Innate Abilities, Weirdness & Mutations

You are resistant to damage.
You can heal yourself by infusing magical energy.
You passively map the area around you.
You do not regenerate.


Message History

You closely miss the ice devil.
The ice devil hits you but does no damage.
The ice devil hits you. The ice devil freezes you!
Your shield and chain mail prevent you from hitting the ice devil.
The ice devil is heavily wounded.
Your chain mail prevents you from hitting the ice devil.
You block the ice devil's attack. x2
You barely miss the ice devil.
The ice devil is moderately wounded.
You slash the ice devil! The ice devil hits you! The ice devil freezes you!!
The ice devil hits you but does no damage.
You barely miss the ice devil.
The ice devil is heavily wounded.
You hit the ice devil but do no damage. The ice devil hits you.
The ice devil freezes you!!
* * * LOW HITPOINT WARNING * * *
The ice devil hits you!
* * * LOW HITPOINT WARNING * * *
The ice devil freezes you!
You die...

########........#
............#.###
#############.#
..............#####
#########.........########
###.....##########'.......,
........# #.####### * *
........# , , ###.#
........# ,,,, #@'.# *
........##.....44#.# ,*
........##....##.+.#
........##... #####***
........####* ,* #########
* * *,* , , ,, * * , *


You could see 2 ice devils.

Vanquished Creatures
  A death knight (D:11)
  Pikel (D:6)
  2 manticores (D:11)
  A cyclops (D:8)
  Grinder (D:5)
  2 hippogriffs
  5 yaks (D:11)
  Sigmund (D:3)
  Eustachio (D:5)
  2 vampire mosquitoes (D:11)
  A hungry ghost (D:8)
  Menkaure (D:5)
  4 slaves (D:6)
  3 orc warriors
  2 sky beasts (D:8)
  2 ice beasts
  A black bear (D:7)
  6 ogres
  2 eyes of draining
  12 centaurs
  2 elf zombies (D:6)
  2 big kobolds
  2 bullfrogs (D:11)
  3 water moccasin zombies
  2 scorpions
  4 killer bees (D:7)
  3 wights (D:7)
  6 howler monkeys
  3 crimson imps
  2 hounds
  A gnoll shaman (D:5)
  3 jellies (D:8)
  9 orc wizards
  3 orc priests
  Crazy Yiuf (D:7)
  Ijyb (D:5)
  Jessica (D:2)
  3 iguanas
  4 worker ants
  A human skeleton (D:6)
  5 big kobold zombies (Ossuary)
  2 mummies (Ossuary)
  8 gnolls
  A howler monkey skeleton (D:7)
  4 adders
  2 shadow imps (D:7)
  A white imp (D:6)
  6 oozes
  3 adder zombies
  An adder skeleton (D:7)
  A worm (D:4)
  A dart slug (D:2)
  5 leopard geckos
  23 orcs
  2 giant cockroaches
  4 gnoll zombies (Ossuary)
  A hobgoblin (D:2)
  7 jackals
  11 kobolds
  4 quokkas
  9 bats
  2 frilled lizards (D:1)
  6 goblins
  4 hobgoblin zombies (Ossuary)
  3 kobold zombies (Ossuary)
  A leopard gecko skeleton (D:4)
  An orc skeleton (D:6)
  8 orc zombies
  6 rats
239 creatures vanquished.

Notes
Turn   | Place    | Note
-------+----------+-------------------------------------------
     0 | D:1      | Flugslaktarn the Deep Dwarf Fighter began the quest for the
                  | Orb.
     0 | D:1      | Reached XP level 1. HP: 20/20 MP: 1/1
    60 | D:1      | Reached XP level 2. HP: 27/27 MP: 2/2
   132 | D:2      | Noticed Jessica
   141 | D:2      | Killed Jessica
   141 | D:2      | Reached skill level 3 in Axes
   141 | D:2      | Reached XP level 3. HP: 34/34 MP: 3/3
   475 | D:2      | Found a glowing silver altar of Zin.
   480 | D:2      | Found a shimmering altar of Xom.
   483 | D:2      | Found a hide-covered altar of Uskayaw.
   486 | D:2      | Found a shadowy altar of Dithmenos.
   490 | D:2      | Reached XP level 4. HP: 34/42 MP: 4/4
   552 | D:3      | Noticed Sigmund
   562 | D:3      | Killed Sigmund
   562 | D:3      | Reached skill level 4 in Axes
   562 | D:3      | Reached XP level 5. HP: 36/49 MP: 5/5
   838 | D:4      | Got a distressingly furry scale mail
   849 | D:4      | Identified the +0 scale mail of Dishonesty {+Blink rPois
                  | rN++ Int-5} (You found it on level 4 of the Dungeon)
   869 | D:4      | Reached XP level 6. HP: 40/57 MP: 6/6
  1057 | D:4      | Found a hazy altar of Hepliaklqana.
  1079 | D:4      | Reached skill level 5 in Axes
  1496 | D:5      | Entered Level 5 of the Dungeon
  1530 | D:5      | Reached XP level 7. HP: 23/64 MP: 7/7
  1534 | D:5      | Reached skill level 5 in Armour
  1534 | D:5      | Reached skill level 5 in Shields
  1562 | D:5      | Noticed Grinder
  1595 | D:5      | Killed Grinder
  1595 | D:5      | Reached skill level 6 in Axes
  1604 | D:5      | Found a sparkling altar of Nemelex Xobeh.
  1637 | D:5      | Noticed Ijyb
  1676 | D:5      | Killed Ijyb
  1767 | D:5      | Noticed Menkaure
  1772 | D:5      | Killed Menkaure
  1772 | D:5      | Reached XP level 8. HP: 40/73 MP: 7/7
  1794 | D:5      | Noticed Eustachio
  1803 | D:5      | Killed Eustachio
  1803 | D:5      | Reached skill level 7 in Axes
  1816 | D:5      | Found a bloodstained altar of Trog.
  1966 | D:5      | Reached skill level 5 in Fighting
  2175 | D:6      | Noticed Pikel
  2211 | D:6      | Killed Pikel
  2211 | D:6      | Reached skill level 8 in Axes
  2211 | D:6      | Gained mutation: You passively map the area around you.
                  | [Deep Dwarf growth]
  2211 | D:6      | Reached XP level 9. HP: 39/81 MP: 8/8
  2344 | D:6      | Found a snail-covered altar of Cheibriados.
  2504 | D:6      | Found a sand-covered staircase.
  2513 | Ossuary  | Entered an ossuary
  2657 | Ossuary  | Reached skill level 9 in Axes
  2775 | D:6      | Found a staircase to the Ecumenical Temple.
  2876 | Temple   | Entered the Ecumenical Temple
  2896 | Temple   | Became a worshipper of Makhleb the Destroyer
  3105 | D:6      | Reached skill level 1 in Invocations
  3399 | D:7      | Reached * piety under Makhleb
  3638 | D:7      | Found a runed translucent door.
  3641 | D:7      | Noticed Crazy Yiuf
  3649 | D:7      | Paralysed by Crazy Yiuf for 3 turns
  3656 | D:7      | Killed Crazy Yiuf
  3966 | D:8      | Noticed a cyclops
  3976 | D:8      | Killed a cyclops
  3976 | D:8      | Reached skill level 10 in Axes
  3976 | D:8      | Reached XP level 10. HP: 54/92 MP: 7/7
  4188 | D:8      | Reached ** piety under Makhleb
  4188 | D:8      | Paralysed by fainting for 11 turns
  4359 | D:8      | You fall into a shaft and drop 3 floors!
  4494 | D:11     | Reached skill level 5 in Invocations
  4511 | D:11     | Reached skill level 11 in Axes
  4588 | D:11     | Found a snail-covered altar of Cheibriados.
  4627 | D:11     | Noticed a manticore
  4639 | D:11     | Killed a manticore
  4747 | D:11     | Reached *** piety under Makhleb
  4830 | D:11     | Noticed a death knight
  4839 | D:11     | Reached XP level 11. HP: 77/100 MP: 10/10
  4875 | D:11     | Killed a death knight
  5127 | D:11     | HP: 4/100 [ice devil (5)]
  5127 | D:11     | Slain by an ice devil

Levels and vault maps discovered:
D:1:      mrwooster_arrival_arrow, layout_loops_ring
D:2:      layout_basic, overflow_temple_1_default,
          grunt_temple_overflow_cloverleaf, first_ration, minmay_unequal,
          uniq_jessica
D:3:      layout_loops_ring, grunt_temple_overflow_open, uniq_sigmund
D:4:      layout_basic, lemuel_crystal_altar
D:5:      cheibrodos_quashed, layout_basic, trog_eyes_of_draining,
          nemelex_altar_shiori, uniq_eustachio, uniq_menkaure, uniq_grinder,
          uniq_ijyb
D:6:      layout_gridville, temple_fountains, basic_altar,
          nicolae_ossuary_entry_catacombs, minmay_fire_ice_demons, uniq_pikel
D:7:      layout_rooms, st_stairs_12, uniq_crazy_yiuf_cottage
D:8:      layout_basic, hangedman_little_slice_of_home
D:11:     layout_basic, portal_ice_cave_demonic_guard, basic_altar
Temple:   nicolae_temple_god_jail

Skill      XL: |  1  2  3  4  5  6  7  8  9 10 11 |
---------------+----------------------------------+-----
Fighting       | 3 4 5 6 7 |  7.4
Axes           | 3 4 5 6 8 10 11 | 11.7
Armour         | 4 5 6 7 8 |  8.9
Shields        | 4 5 6 7 8 9 |  9.0
Invocations    | 3 5 6 |  6.4

Action                   |  1- 3 |  4- 6 |  7- 9 | 10-12 || total
-------------------------+-------+-------+-------+-------++-------
Melee: War axe           |    86 |    94 |   511 |   287 ||   978
 Abil: Heal Wounds       |     1 |     5 |    15 |    11 ||    32
  Use: Scroll            |       |       |    14 |     4 ||    18
  Eat: Chunk             |       |     2 |     6 |     6 ||    14
       Ration            |       |       |     1 |     1 ||     2
Armor: Scale mail        |    47 |    58 |   131 |       ||   236
       Chain mail        |       |       |    77 |   166 ||   243
Dodge: Dodged            |    23 |    35 |   124 |    66 ||   248
Block: Kite shield       |    59 |    79 |   247 |   163 ||   548

Table legend:
 A = Non-vault XP
 B = Vault XP
 C = Vault XP percentage of total XP
 D = Non-vault monster count
 E = Vault monster count
 F = Vault count percentage of total count
                 A         B        C        D         E       F
            +---------+---------+-------+---------+---------+-------
      Total |   10389 |    2733 |  20.8 |     176 |      59 |  25.1
            +---------+---------+-------+---------+---------+-------
        D:1 |      14 |       0 |   0.0 |      10 |       0 |   0.0
        D:2 |      40 |      43 |  51.8 |      16 |       5 |  23.8
        D:3 |      60 |     208 |  77.6 |      11 |       1 |   8.3
        D:4 |     258 |       0 |   0.0 |      11 |       0 |   0.0
        D:5 |     607 |     834 |  57.9 |      14 |       7 |  33.3
        D:6 |     486 |    1003 |  67.4 |      18 |       9 |  33.3
        D:7 |    1374 |     134 |   8.9 |      29 |       2 |   6.5
        D:8 |    1622 |     160 |   9.0 |      20 |       8 |  28.6
       D:11 |    5928 |       0 |   0.0 |      47 |       0 |   0.0
    Ossuary |       0 |     351 | 100.0 |       0 |      27 | 100.0
            +---------+---------+-------+---------+---------+-------
